 Dungeon Crawl Stone Soup version 0.29-a0-82-g837932c90e (webtiles) character file.

Game seed: 2100066840108408869

6 frimble the Chiller (level 1, 0/13 HPs)
             Began as a Demonspawn Ice Elementalist on Feb 5, 2022.
             Slain by a jackal (2 damage)
             ... on level 1 of the Dungeon.
             The game lasted 00:00:34 (380 turns).

frimble the Chiller (Demonspawn Ice Elementalist)    Turns: 380, Time: 00:00:34

Health: 0/13       AC:  2    Str:  8    XL:     1   Next: 75%
Magic:  0/3        EV: 12    Int: 16    God:
Gold:   0          SH:  0    Dex: 13    Spells: 3/4 levels left

rFire   . . .      SeeInvis .   b - +0 dagger
rCold   . . .      Faith    .   (no shield)
rNeg    . . .      Spirit   .   a - +0 robe
rPois   .          Reflect  .   (no helmet)
rElec   .          Harm     .   (no cloak)
rCorr   .          Rampage  .   (no gloves)
Will    .....                   (no boots)
Stlth   ++........              (no amulet)
HPRegen 0.04/turn               (no ring)
MPRegen 0.08/turn               (no ring)

@: no status effects
A: no striking features
a: no special abilities


You were on level 1 of the Dungeon.
You visited 1 branch of the dungeon, and saw 1 of its levels.

Inventory:

Hand Weapons
 b - a +0 dagger (weapon)
Armour
 a - a +0 robe (worn)


   Skills:
 - Level 1.7 Dodging
 - Level 1.7 Stealth
 - Level 2.0 Spellcasting
 + Level 3.9 Ice Magic


You had 3 spell levels left.
You knew the following spells:

 Your Spells              Type           Power      Damage    Failure   Level
a - Freeze                Ice            56%        1d7       4%          1

Your spell library contained the following spells:

 Spells                   Type           Power      Damage    Failure   Level
 Frozen Ramparts          Ice            28%        1d4       12%         3
 Ozocubu's Armour         Ice            14%        N/A       12%         3
 Hailstorm                Conj/Ice       7%         3d4       67%         4


Dungeon Overview and Level Annotations

Branches:
Dungeon (1/15)

Altars:


Message History

The bat barely misses you.
You barely miss the bat. The bat barely misses you. The bat hits you.
You closely miss the bat.
The jackal barks!
The bat barely misses you. The bat hits you but does no damage.
You hit the bat.
The bat is moderately wounded.
The bat hits you.
* * * LOW HITPOINT WARNING * * *
The bat hits you.
* * * LOW HITPOINT WARNING * * *
You hit the bat but do no damage.
The bat is moderately wounded.
The bat hits you.
* * * LOW HITPOINT WARNING * * *
The bat closely misses you.
A jackal comes into view.
You barely miss the bat.
The bat is moderately wounded.
The bat hits you but does no damage. The bat barely misses you.
You hit the bat.
You kill the bat!
The jackal closely misses you.
Casting: Freeze (safe; 4% risk of failure)
Confirm with . or Enter, or press ? or * to list all spells.
Aiming: Freeze (safe; 4% risk of failure)
Press: ? - help, Shift-Dir - straight line, f - jackal
Aim: a jackal You freeze the jackal.
The jackal is heavily wounded.
The jackal bites you but does no damage.
Unknown command.
Unknown command.
Unknown command.
Unknown command.
The jackal closely misses you.
A jackal comes into view.
The jackal barks!
The jackal closely misses you. The jackal bites you.
You die...

#...#.###..... #......
#...#.......# #..#.#.
#...#.#.#...###############......
#..........(................#.##.
#...#.#.###.##########...####.##.
#...#.#.# #.# .#.###.## #..#†
#...#.#.# #.# .#...#..# ##.#.
#...#.#.# #.#####.###.##.# #....
#...#.#.# #..#Jh@.#....#.##.#....
#...#.#.# #...h##.#..#...(..#.#..
#...#.#.# #.h### .#..########.#..
#...#.# #.##...###.#...#..#.##.
#...#.# #.# #....<....#.##.##.
#...#.# ..# #...#.###...##.##>
#...#.# ###########..#..###..# #
#...#.# #......#..#.##)...#
#...#.# #.##.#....#....#..#


You could see an endoplasm and 3 jackals.

Vanquished Creatures
  A ball python (D:1)
  A bat (D:1)
  A jackal (D:1)
  A kobold (D:1)
  A frilled lizard (D:1)
5 creatures vanquished.

Notes
Turn   | Place    | Note
-------+----------+-------------------------------------------
     0 | D:1      | frimble the Demonspawn Ice Elementalist began the quest for
                  | the Orb.
     0 | D:1      | Reached XP level 1. HP: 13/13 MP: 3/3
   380 | D:1      | Slain by a jackal

Illustrated notes

Levels and vault maps discovered:
D:1:      psy_arrival_radial01, layout_basic, serial_shops,
          nicolae_shop_hallway_plus,
          dreamdust_ecumenical_altar_hidden_monk_grotto, serial_glass,
          glass_columns_b, glass_columns_c

Action                   || total
-------------------------++-------
Melee: Dagger            ||    11
       Unarmed           ||     9
 Cast: Freeze            ||     5
Armor: Robe              ||    11
Dodge: Dodged            ||    27

Table legend: (Time is in decaauts)
 A = Elapsed time spent in this place.
 B = Non-inter-level travel time spent in this place.
 C = Inter-level travel time spent in this place.
 D = Time resting spent in this place.
 E = Time spent auto-exploring this place.
 F = Levels seen in this place.
 G = Mean time per level.
                   A        B        C        D        E       F      G
               +--------+--------+--------+--------+--------+-----+--------+
         Total |    379 |    379 |      0 |      0 |    321 |   1 |  379.0 |
       Dungeon |    379 |    379 |      0 |      0 |    321 |   1 |  379.0 |
               +--------+--------+--------+--------+--------+-----+--------+

Top non-repeatable levels by time:
     D:1: 379 daAuts
